 Dungeon Crawl Stone Soup version 0.25-a0-265-g7af84ae0ac (webtiles) character file.

Game seed: 16179831376442780966, levelgen mode: deterministic

343980 Lanoc the Marksgnoll (level 22, -1/157 HPs)
             Began as a Gnoll Fighter on Dec 8, 2019.
             Was the Champion of the Shining One (penitent).
             Slain by an emperor scorpion (10 damage)
             ... summoned by Khufu
             ... on level 1 of the Crypt.
             The game lasted 02:10:07 (54362 turns).

Lanoc the Marksgnoll (Gnoll Fighter)               Turns: 54362, Time: 02:10:09

Health: -1/157     AC: 43    Str: 23    XL:     22   Next: 6%
Magic:  40/40      EV: 19    Int: 13    God:    the Shining One [*]
Gold:   2265       SH:  3    Dex: 21    Spells: 38/49 levels left

rFire    + . .     SeeInvis +   M - +9 quarterstaff of Asaemau {holy, rElec rPois}
rCold    + . .     Gourm    .   (shield currently unavailable)
rNeg     + + +     Faith    .   G - +15 Maxwell's patent armour {-Cast -Tele rElec MR+ rCorr}
rPois    +         Spirit   .   v - +2 helmet {SInv}
rElec    +         Reflect  +   S - scarf {rC+ rF+}
rCorr    +         Harm     .   J - +2 pair of gloves {Str+3}
MR       +++..     NoTele   +   (no boots) Stlth ++........NoCast +
                                Q - +3 amulet of reflection
HPRegen  0.36/turn              t - +4 ring of protection
MPRegen  0.27/turn              Z - ring of protection from magic

@: berserk cooldown, hasted and slowed, studying Bows
A: distributed training, fangs 1, repulsion field 1, frail 1, strong nose
}: 2/15 runes: decaying, serpentine
a: Renounce Religion


You were on level 1 of the Crypt.
You worshipped the Shining One.
The Shining One was demanding penance.
You were not hungry.

You visited 9 branches of the dungeon, and saw 42 of its levels.
You also visited: Ice Cave.

You collected 4558 gold pieces.
You spent 2293 gold pieces at shops.

Inventory:

Hand Weapons
 a - the +6 lajatang "Mymuh" {slice, +Rage}
   (You found it on level 7 of the Dungeon)

   It inflicts extra damage upon your enemies.
   It lets you go berserk.
 b - a +2 longbow of freezing
 M - the +9 quarterstaff of Asaemau (weapon) {holy, rElec rPois}
   (You found it on level 7 of the Dungeon)

   It has been blessed by the Shining One to cause great damage to the undead
   and demons.
   It insulates you from electricity.
   It protects you from poison.
 O - a +0 trishula of holy wrath
Missiles
 g - 664 arrows
 n - 4 throwing nets (quivered)
Armour
 c - the +2 large shield "Ikhlewou" {rElec rPois}
   (You took it off Louise on level 2 of the Swamp)

   It insulates you from electricity.
   It protects you from poison.
 v - a +2 helmet of see invisible (worn)
 D - a +2 plate armour of poison resistance
 G - the +15 Maxwell's patent armour (worn) {-Cast -Tele rElec MR+ rCorr}
   (You acquired it on level 3 of the Swamp)

   It insulates you from electricity.
   It affects your resistance to hostile enchantments.
   It prevents spellcasting.
   It prevents most forms of teleportation.
   It provides partial protection from all sources of acid and corrosion.
 J - a +2 pair of gloves of strength (worn)
 S - a scarf of resistance (worn)
Jewellery
 e - an uncursed ring of protection from cold
 t - a +4 ring of protection (left hand)
 Q - a +3 amulet of reflection (around neck)
 W - an uncursed ring of protection from fire
 Z - a ring of protection from magic (right hand)
Wands
 d - a wand of enslavement (25)
 k - a wand of iceblast (38)
 m - a wand of scattershot (8)
 A - a wand of digging (10)
 C - a wand of paralysis (17)
 F - a wand of acid (24)
 Y - a wand of disintegration (16)
Scrolls
 i - a scroll of summoning
 l - 11 scrolls of remove curse
 q - 3 scrolls of fog
 H - 2 scrolls of blinking
 I - 9 scrolls of enchant weapon
 L - 2 scrolls of magic mapping
 R - 5 scrolls of enchant armour
 U - 12 scrolls of teleportation
 X - 5 scrolls of identify
Potions
 h - 6 potions of lignification
 j - 4 potions of haste
 o - 7 potions of magic
 p - 5 potions of flight
 r - 4 potions of cancellation
 s - 6 potions of brilliance
 u - 11 potions of curing
 w - 7 potions of agility
 z - 3 potions of ambrosia
 B - 2 potions of resistance
 E - 6 potions of might
 K - 5 potions of mutation
 T - 2 potions of berserk rage
Books
 V - a manual of Bows
Miscellaneous
 N - 2 boxes of beasts
 P - a phial of floods (inert)
Comestibles
 f - 36 rations


   Skills:
 + Level 15.2 Fighting
 + Level 14.1 Short Blades
 + Level 14.7 Long Blades
 + Level 14.1 Axes
 + Level 14.1 Maces & Flails
 + Level 14.1 Polearms
 + Level 14.1 Staves
 + Level 14.1 Slings
 + Level 17.3 Bows
 + Level 14.1 Crossbows
 + Level 14.1 Throwing
 + Level 15.2 Armour
 + Level 14.1 Dodging
 + Level 14.1 Stealth
 + Level 15.2 Shields
 + Level 14.1 Unarmed Combat
 + Level 14.1 Spellcasting
 + Level 12.2 Conjurations
 + Level 12.2 Hexes
 + Level 12.2 Charms
 + Level 12.2 Summonings
 + Level 12.2 Necromancy
 + Level 12.2 Translocations
 + Level 12.2 Transmutations
 + Level 12.2 Fire Magic
 + Level 12.2 Ice Magic
 + Level 12.2 Air Magic
 + Level 12.2 Earth Magic
 + Level 12.2 Poison Magic
 + Level 15.2 Invocations
 + Level 14.1 Evocations


You had 38 spell levels left.
You knew the following spells:

 Your Spells              Type           Power        Failure   Level  Hunger
a - Passwall              Tmut/Erth      #####...     1%          2    None
b - Sandblast             Erth           #####.       1%          1    None
c - Summon Lightning Spi  Summ/Air       #####...     4%          4    ###....
d - Portal Projectile     Hex/Tloc       #####.       1%          3    None
e - Apportation           Tloc           #####.       1%          1    None

Your spell library contained the following spells:

 Spells                   Type           Power        Failure   Level  Hunger
 Animate Skeleton         Necr           N/A          1%          1    None
 Confusing Touch          Hex            #####.       1%          1    None
 Corona                   Hex            #####..      1%          1    None
 Freeze                   Ice            ####         1%          1    None
 Magic Dart               Conj           ####         1%          1    None
 Pain                     Necr           ####         1%          1    None
 Summon Small Mammal      Summ           ####         1%          1    None
 Searing Ray              Conj           #####.       1%          2    None
 Slow                     Hex            #####...     1%          2    None
 Dazzling Flash           Conj/Hex       #####.       1%          3    None
 Inner Flame              Hex/Fire       #####...     1%          3    None
 Ozocubu's Armour         Chrm/Ice       #####...     1%          3    None
 Regeneration             Chrm/Necr      #####.....   1%          3    None
 Stone Arrow              Conj/Erth      #####.       1%          3    None
 Vampiric Draining        Necr           #####.....   1%          3    None
 Animate Dead             Necr           N/A          4%          4    ###....
 Cause Fear               Hex            #####.....   4%          4    ###....
 Fulminant Prism          Conj/Hex       #####.....   4%          4    ###....
 Ice Form                 Ice/Tmut       #####...     4%          4    ###....
 Iskenderun's Mystic Bla  Conj/Tloc      #####...     4%          4    ###....
 Leda's Liquefaction      Hex/Erth       #####.....   4%          4    ###....
 Petrify                  Tmut/Erth      #####...     4%          4    ###....
 Bolt of Magma            Conj/Fire/Erth #####.....   12%         5    #####..
 Lee's Rapid Deconstruct  Erth           #####.....   12%         5    #####..
 Metabolic Englaciation   Hex/Ice        #####.....   12%         5    #####..
 Silence                  Hex/Air        #####.....   12%         5    #####..
 Conjure Ball Lightning   Conj/Air       #####.....   54%         6    ######.
 Deflect Missiles         Chrm/Air       #####.....   54%         6    ######.
 Freezing Cloud           Conj/Ice/Air   #####.....   54%         6    ######.
 Iron Shot                Conj/Erth      #####.....   54%         6    ######.
 Ozocubu's Refrigeration  Ice            #####.....   54%         6    ######.
 Simulacrum               Ice/Necr       #####.....   54%         6    ######.
 Statue Form              Tmut/Erth      #####....    54%         6    ######.
 Shatter                  Erth           #####.....   100%        9    #######
 Tornado                  Air            #####.....   100%        9    #######


Dungeon Overview and Level Annotations

Branches:
Dungeon (15/15)            Temple (1/1) D:4            Lair (6/6) D:9
  Swamp (4/4) Lair:4        Snake (4/4) Lair:4        Slime (5/5) Lair:5
    Orc (2/2) D:12            Elf (0/3) Orc:2        Vaults (4/5) D:14
  Crypt (1/3) Vaults:3      IceCv (visited)
 Depths: D:15

Altars:
Ashenzari
Cheibriados
Dithmenos
Elyvilon
Fedhas
Gozag
Hepliaklqana
Kikubaaqudgha
Makhleb
Nemelex Xobeh
Okawaru
Qazlal
Ru
Sif Muna
Trog
Uskayaw
Vehumet
Wu Jian
Xom
Yredelemnul
Zin
The Shining One
Beogh
Jiyva

Shops:
D:6 (   D:9 :*   D:11 }   D:12 }   Orc:1 %=([   Orc:2 %?:*(   Snake:2 !
Vaults:2 }

Annotations:
D:5 2 transporters, Borgoz's ghost, novice GrGl
D:11 2 transporters, Borgoz's ghost, journeyman GrGl
Lair:2 2 transporters, Esoasiq's ghost, journeyman DsGl
Slime:5 Royal Jelly
Crypt:1 Khufu


Innate Abilities, Weirdness & Mutations

Your experience applies equally to all skills.
You have very sharp teeth.
Your uncanny sense of smell can sniff out nearby items.
You are surrounded by a mild repulsion field. (EV +2)
You are frail. (-10% HP)


Message History

A necromancer comes into view.
It is wielding a -2 dagger and wearing a +2 robe of magic resistance.
The torturous demonspawn skeleton splashes around in the water.
Your water elemental hits the torturous demonspawn skeleton!!
The torturous demonspawn skeleton is destroyed!
The Shining One accepts your kill.
Khufu calls on the powers of darkness!
The emperor scorpion convulses! x5; Your body is wracked with pain!
* * * LOW HITPOINT WARNING * * *
Unknown command.
Khufu points at you and mumbles some strange words.
Something smites you!
* * * LOW HITPOINT WARNING * * *
You feel better.
The necromancer points at you and mumbles some strange words.
You resist with almost no effort. The emperor scorpion misses you.
The emperor scorpion completely misses you.
The emperor scorpion barely misses you.
Khufu gestures wildly while chanting.
The emperor scorpion stings you!
You die...

#....≈...≈...##
#.....≈≈≈≈..##
∆ #....z≈≈≈≈..#
#
#...V.≈≈M≈..#.#
....Z.M..≈..#.#
∆
.........E..#.#
∆
.........s.s..#
..........ss..#
..........s@..#
..............#
#.............#
#.............#
.............#
............p
............#
............


You could see Khufu, 5 emperor scorpions, a necromancer, a vampire, a mummy, a
wight, a harpy zombie and a friendly water elemental.

Vanquished Creatures
  Mennas (Vaults:1)
  Mara (Snake:3)
  2 greater mummies (Crypt:1)
  Vashnia (Snake:4)
  the Lernaean hydra (Swamp:4)
  Nikola (Swamp:3)
  A tentacled monstrosity (Vaults:2)
  An Ice Fiend (IceCv)
  17 acid blobs
  4 thorn hunters
  7 azure jellies
  Donald (Snake:3)
  7 nagarajas
  Aizul (Snake:3)
  An emperor scorpion (D:12)
  11 vault wardens
  5 ironheart preservers
  Louise (Swamp:2)
  An orc warlord (Orc:1)
  An entropy weaver (Vaults:3)
  8 very ugly things
  3 stone giants
  An eidolon (Vaults:3)
  Snorg (D:11)
  4 death oozes
  3 fire dragons
  13 yaktaur captains
  A rakshasa (Vaults:3)
  6 great orbs of eyes
  10 vault guards
  13 hydras
  2 ice dragons
  12 naga warriors
  2 ghost crabs
  6 ogre magi
  3 shambling mangroves
  6 centaur warriors
  7 anacondas
  25 two-headed ogres
  14 alligators
  4 death knights
  3 tengu warriors
  3 orc high priests (Orc:2)
  2 shock serpents
  A shock serpent (shapeshifter) (Vaults:1)
  A deep elf knight (Vaults:3)
  28 naga sharpshooters
  Nergalle (Lair:4)
  4 salamander mystics
  A shadow wraith (Crypt:1)
  A soul eater (Crypt:1)
  3 skeletal warriors (Vaults:3)
  2 glowing orange brains
  A spriggan druid (Swamp:2)
  5 unseen horrors
  5 deep trolls (Vaults:3)
  9 ironbrand convokers
  3 wizards (D:14)
  6 naga ritualists
  21 orc knights
  A sphinx zombie (Vaults:2)
  10 swamp dragons
  5 harpies (Vaults:2)
  2 deep elf archers (Vaults:2)
  Pikel (D:4)
  A harpy (shapeshifter) (D:15)
  2 necromancers (Vaults:2)
  An iron giant skeleton (Crypt:1)
  6 orc sorcerers
  2 phantasmal warriors
  An orb spider (shapeshifter) (Vaults:3)
  8 mana vipers
  A shining eye (Slime:5)
  2 deep elf magi
  8 salamanders
  An elephant (shapeshifter) (Vaults:2)
  30 ugly things
  2 wolf spiders
  4 cyclopes
  2 manticores (D:12)
  2 guardian serpents
  16 naga magi
  7 vault sentinels
  36 black mambas
  3 eyes of devastation
  An ice statue (IceCv)
  Maurice (Orc:1)
  18 spiny frogs
  2 gargoyles (D:12)
  A rime drake (Lair:6)
  An efreet (D:12)
  4 freezing wraiths
  3 komodo dragons
  18 yaktaurs
  4 anaconda simulacra (IceCv)
  4 ice devils (IceCv)
  A queen bee (Lair:3)
  3 tengu conjurers
  3 polar bears (Lair:5)
  Grinder (D:3)
  113 slime creatures
  8 trolls
  A blink frog (shapeshifter) (Vaults:1)
  10 bog bodies
  12 tyrant leeches
  A wolf spider simulacrum (IceCv)
  18 hornets
  18 blink frogs
  4 dream sheep (Lair:4)
  8 hippogriffs
  12 spriggans
  3 redbacks
  3 vampires
  48 yaks
  2 humans
  A tarantella (Vaults:3)
  8 wyverns (Lair:6)
  3 dire elephant simulacra (IceCv)
  2 shadows
  4 hogs (D:8)
  5 wraiths
  A basilisk (D:14)
  A steam dragon (Lair:6)
  A human (shapeshifter) (Vaults:3)
  Menkaure (D:4)
  2 death yak simulacra (IceCv)
  2 hungry ghosts
  10 wargs
  23 vampire mosquitoes
  2 iron troll simulacra (IceCv)
  A yaktaur simulacrum (Vaults:1)
  4 harpy simulacra (IceCv)
  12 swamp worms
  4 acid dragons
  10 insubstantial wisps
  2 hydra simulacra (IceCv)
  58 nagas
  18 water moccasins
  A soldier ant (D:13)
  10 porcupines
  4 black bears
  An elf zombie (Vaults:2)
  14 swamp drakes
  4 ice beasts
  A hornet zombie (D:14)
  A black bear (shapeshifter) (D:13)
  An alligator simulacrum (IceCv)
  4 sky beasts
  2 slaves (D:4)
  50 orc warriors
  4 eyes of draining
  16 wolves
  22 ogres
  A phantom (D:13)
  11 centaurs
  14 crocodiles
  A swamp dragon skeleton (Crypt:1)
  3 big kobolds
  21 bullfrogs
  A human zombie (Vaults:2)
  A rime drake skeleton (Crypt:1)
  2 gnoll sergeants
  2 wyvern zombies
  A wyvern skeleton (D:14)
  4 scorpions
  20 killer bees
  4 wights
  4 electric eels
  6 crimson imps
  A bullfrog zombie (D:12)
  13 jellies
  3 draconian simulacra (IceCv)
  3 bullfrog skeletons
  6 hounds
  2 centaur zombies
  3 gnoll shamans
  27 orc priests
  28 orc wizards
  8 centaur skeletons
  Jessica (D:2)
  Ijyb (D:3)
  Terence (D:2)
  4 iguanas
  4 troll simulacra (IceCv)
  12 worker ants
  3 centaur simulacra (IceCv)
  Robin (D:3)
  41 gnolls
  A howler monkey skeleton (D:4)
  13 adders
  6 naga simulacra (IceCv)
  An ogre simulacrum (IceCv)
  7 shadow imps
  5 white imps (IceCv)
  5 ufetubi (IceCv)
  2 adder zombies
  10 oozes (D:11)
  An adder skeleton (D:4)
  5 worms
  A dart slug (D:2)
  5 leopard geckos
  109 orcs
  2 ball pythons
  5 giant cockroaches
  14 goblins
  8 hobgoblins
  12 jackals
  19 kobolds
  6 quokkas
  6 bats
  4 frilled lizards
  A jackal skeleton (D:5)
  2 leopard gecko skeletons (D:6)
  2 leopard gecko zombies
  12 rats
  A briar patch (Swamp:2)
  A fungus (Lair:5)
1624 creatures vanquished.

Vanquished Creatures (collateral kills)
  An acid blob (Slime:5)
  3 hydras (Swamp:4)
  5 spriggans (Swamp:4)
  A swamp dragon (Swamp:4)
  A black mamba (Snake:4)
  A tyrant leech (Swamp:4)
  6 hornets
  2 bog bodies
  3 slime creatures (Swamp:4)
  A torturous demonspawn skeleton (Crypt:1)
  3 swamp drakes
  A centaur (D:12)
  An orc priest (D:12)
29 creatures vanquished.

Vanquished Creatures (others)
  A naga sharpshooter (Snake:3)
  A salamander (Snake:4)
  A hornet (Swamp:3)
  A swamp worm (Swamp:3)
  An orc warrior (D:14)
  A slave (D:4)
  An orc priest (D:4)
  A bullfrog skeleton (D:4)
  An orc wizard (D:12)
  A gnoll (D:4)
  3 ufetubi (IceCv)
  An orc (D:4)
  A kobold (D:14)
  A briar patch (Swamp:2)
  18 fungi
  23 plants
57 creatures vanquished.

Grand Total: 1710 creatures vanquished

Notes
Turn   | Place    | Note
-------+----------+-------------------------------------------
     0 | D:1      | Lanoc the Gnoll Fighter began the quest for the Orb.
     0 | D:1      | Reached XP level 1. HP: 23/23 MP: 1/1
    90 | D:1      | Reached XP level 2. HP: 28/29 MP: 2/2
   654 | D:1      | Reached XP level 3. HP: 25/35 MP: 3/3
   753 | D:2      | Reached skill level 1 in Invocations
   761 | D:2      | Reached skill level 1 in Short Blades
   761 | D:2      | Reached skill level 1 in Axes
   761 | D:2      | Reached skill level 1 in Maces & Flails
   761 | D:2      | Reached skill level 1 in Polearms
   761 | D:2      | Reached skill level 1 in Staves
   761 | D:2      | Reached skill level 1 in Slings
   761 | D:2      | Reached skill level 1 in Bows
   761 | D:2      | Reached skill level 1 in Crossbows
   761 | D:2      | Reached skill level 1 in Throwing
   761 | D:2      | Reached skill level 1 in Dodging
   761 | D:2      | Reached skill level 1 in Stealth
   761 | D:2      | Reached skill level 1 in Unarmed Combat
   761 | D:2      | Reached skill level 1 in Spellcasting
   761 | D:2      | Reached skill level 1 in Evocations
  1023 | D:2      | Reached XP level 4. HP: 41/41 MP: 5/5
  1115 | D:2      | Noticed Jessica
  1122 | D:2      | Killed Jessica
  1149 | D:2      | Reached skill level 1 in Conjurations
  1149 | D:2      | Reached skill level 1 in Hexes
  1149 | D:2      | Reached skill level 1 in Charms
  1149 | D:2      | Reached skill level 1 in Summonings
  1149 | D:2      | Reached skill level 1 in Necromancy
  1149 | D:2      | Reached skill level 1 in Translocations
  1149 | D:2      | Reached skill level 1 in Transmutations
  1149 | D:2      | Reached skill level 1 in Fire Magic
  1149 | D:2      | Reached skill level 1 in Ice Magic
  1149 | D:2      | Reached skill level 1 in Air Magic
  1149 | D:2      | Reached skill level 1 in Earth Magic
  1149 | D:2      | Reached skill level 1 in Poison Magic
  1432 | D:1      | Reached XP level 5. HP: 33/47 MP: 6/6
  1754 | D:2      | Noticed Terence
  1770 | D:2      | Killed Terence
  2043 | D:3      | Noticed Robin
  2160 | D:3      | Killed Robin
  2180 | D:3      | Reached XP level 6. HP: 47/53 MP: 8/8
  2199 | D:3      | Found a shadowy altar of Dithmenos.
  2285 | D:3      | Noticed Grinder
  2285 | D:3      | Paralysed by Grinder for 7 turns
  2307 | D:3      | Paralysed by Grinder for 2 turns
  2317 | D:3      | Paralysed by Grinder for 3 turns
  2321 | D:3      | Killed Grinder
  2321 | D:3      | Reached skill level 5 in Long Blades
  2321 | D:3      | Reached skill level 2 in Bows
  2321 | D:3      | Reached XP level 7. HP: 11/59 MP: 8/10
  2587 | D:3      | Noticed Ijyb
  2589 | D:3      | Paralysed by Ijyb for 4 turns
  2597 | D:3      | Paralysed by Ijyb for 4 turns
  2605 | D:3      | Paralysed by Ijyb for 4 turns
  2611 | D:3      | Killed Ijyb
  3080 | D:4      | Noticed Pikel
  3126 | D:4      | Found a white marble altar of Elyvilon.
  3207 | D:4      | Killed Pikel
  3207 | D:4      | Reached skill level 3 in Bows
  3207 | D:4      | Reached XP level 8. HP: 54/67 MP: 10/12
  3313 | D:4      | Found a staircase to the Ecumenical Temple.
  3321 | Temple   | Entered the Ecumenical Temple
  3472 | Temple   | Became a worshipper of the Shining One
  3963 | D:4      | Noticed Menkaure
  3975 | D:4      | Killed Menkaure
  4566 | D:5      | Entered Level 5 of the Dungeon
  4566 | D:5      | Found a transporter.
  4566 | D:5      | Found a transporter.
  4566 | D:5      | Noticed Borgoz's ghost (novice GrGl)
  4589 | D:5      | Got a bloodstained ring mail
  4600 | D:5      | Identified the cursed +1 ring mail of Ru's Esteem {rN+
                  | Int+6} (You found it on level 5 of the Dungeon)
  4994 | D:5      | Reached XP level 9. HP: 55/72 MP: 14/14
  5078 | D:5      | Reached * piety under the Shining One
  5508 | D:5      | Found a hide-covered altar of Uskayaw.
  5596 | D:5      | Reached skill level 4 in Bows
  5930 | D:5      | Found a shimmering blue altar of Sif Muna.
  6030 | D:6      | Found Egism's Antique Weapon Emporium.
  6110 | D:6      | Got a fine dagger
  6111 | D:6      | Identified the +6 dagger of Absolution {pierce, MP+9 Str+3
                  | Stlth+} (You found it on level 6 of the Dungeon)
  6846 | D:7      | Got a pitted quarterstaff
  7016 | D:7      | Reached skill level 5 in Invocations
  7463 | D:7      | Reached XP level 10. HP: 56/80 MP: 17/17
  7475 | D:7      | Reached ** piety under the Shining One
  7493 | D:7      | Identified the Almanac of the Dusty Snowflakes
  7497 | D:7      | Got an ichor-stained dagger
  7499 | D:7      | Got a jewelled lajatang
  7520 | D:7      | Learned a level 2 spell: Passwall
  7529 | D:7      | Identified the +4 dagger "Eroatt" {drain, rC+ Int+3} (You
                  | found it on level 7 of the Dungeon)
  7537 | D:7      | Identified the +9 quarterstaff of Asaemau {holy, rElec
                  | rPois} (You found it on level 7 of the Dungeon)
  7538 | D:7      | Identified the +6 lajatang "Mymuh" {slice, +Rage} (You
                  | found it on level 7 of the Dungeon)
  7895 | D:7      | Found an opulent altar of Gozag.
  8174 | D:8      | Noticed a two-headed ogre
  8522 | D:8      | Reached skill level 5 in Short Blades
  8522 | D:8      | Reached skill level 5 in Axes
  8522 | D:8      | Reached skill level 5 in Maces & Flails
  8522 | D:8      | Reached skill level 5 in Polearms
  8522 | D:8      | Reached skill level 5 in Staves
  8522 | D:8      | Reached skill level 5 in Slings
  8522 | D:8      | Reached skill level 5 in Bows
  8522 | D:8      | Reached skill level 5 in Crossbows
  8522 | D:8      | Reached skill level 5 in Throwing
  8522 | D:8      | Reached skill level 5 in Dodging
  8522 | D:8      | Reached skill level 5 in Stealth
  8522 | D:8      | Reached skill level 5 in Unarmed Combat
  8522 | D:8      | Reached skill level 5 in Spellcasting
  8522 | D:8      | Reached skill level 5 in Evocations
  8726 | D:8      | Learned a level 1 spell: Sandblast
  8803 | D:8      | Noticed a two-headed ogre
  8812 | D:8      | Killed a two-headed ogre
  8866 | D:8      | Killed a two-headed ogre
  9794 | D:9      | Reached XP level 11. HP: 87/87 MP: 19/19
  9842 | D:9      | Found Vacuest's Book Shop.
  9842 | D:9      | Found a bloodstained altar of Trog.
 10002 | D:9      | Found a staircase to the Lair.
 10138 | D:9      | Found Gosusse's General Store.
 10357 | D:9      | Found a stormy altar of Qazlal.
 10363 | D:10     | Entered Level 10 of the Dungeon
 10432 | D:10     | Reached skill level 6 in Bows
 10463 | D:10     | Noticed a cyan ugly thing
 10469 | D:10     | Killed a cyan ugly thing
 10469 | D:10     | Reached skill level 5 in Conjurations
 10469 | D:10     | Reached skill level 5 in Hexes
 10469 | D:10     | Reached skill level 5 in Charms
 10469 | D:10     | Reached skill level 5 in Summonings
 10469 | D:10     | Reached skill level 5 in Necromancy
 10469 | D:10     | Reached skill level 5 in Translocations
 10469 | D:10     | Reached skill level 5 in Transmutations
 10469 | D:10     | Reached skill level 5 in Fire Magic
 10469 | D:10     | Reached skill level 5 in Ice Magic
 10469 | D:10     | Reached skill level 5 in Air Magic
 10469 | D:10     | Reached skill level 5 in Earth Magic
 10469 | D:10     | Reached skill level 5 in Poison Magic
 10791 | D:10     | Reached *** piety under the Shining One
 10823 | D:10     | Noticed a two-headed ogre
 10828 | D:10     | Killed a two-headed ogre
 11047 | D:10     | Noticed a two-headed ogre
 11055 | D:10     | Killed a two-headed ogre
 11840 | D:11     | Found Igorgh Ydetz's Gadget Shoppe.
 11869 | D:11     | Noticed an unseen horror
 11875 | D:11     | Killed an unseen horror
 11906 | D:11     | Found a transporter.
 11912 | D:11     | Noticed Borgoz's ghost (journeyman GrGl)
 11913 | D:11     | Noticed a centaur warrior
 11933 | D:11     | Noticed a two-headed ogre
 12015 | D:11     | Found a transporter.
 12042 | D:11     | Got a warped leather armour
 12053 | D:11     | Identified the cursed +1 leather armour of Truth {rElec
                  | Dex+7} (You found it on level 11 of the Dungeon)
 12123 | D:11     | You fall into a shaft and drop 2 floors!
 12166 | D:12     | Found a staircase to the Orcish Mines.
 12180 | D:12     | Noticed a green ugly thing
 12192 | D:12     | Killed a green ugly thing
 12196 | D:12     | Noticed Nessos
 12201 | D:12     | Noticed an eight-headed hydra
 12672 | D:11     | Noticed a shock serpent
 12675 | D:11     | Noticed a deep troll
 12675 | D:11     | a shock serpent changed into a deep troll
 12716 | D:11     | Noticed Snorg
 12726 | D:11     | Killed Snorg
 12726 | D:11     | Reached XP level 12. HP: 96/96 MP: 22/22
 12754 | D:11     | Reached **** piety under the Shining One
 13004 | D:11     | Noticed a shock serpent
 13014 | D:11     | a shock serpent changed into a floating eye
 13080 | D:12     | Noticed an emperor scorpion
 13080 | D:12     | an eight-headed hydra changed into an emperor scorpion
 13093 | D:12     | Killed an emperor scorpion
 13228 | D:12     | Reached skill level 7 in Bows
 13246 | D:12     | Noticed a centaur warrior
 13255 | D:12     | Killed a centaur warrior
 13325 | D:12     | Noticed Nessos
 13325 | D:12     | Nessos changed into Nessos the manticore
 13329 | D:12     | Killed Nessos the manticore
 13389 | D:12     | Noticed a tengu warrior
 13617 | D:12     | Killed a tengu warrior
 13661 | D:12     | Found Pissibla's Gadget Shop.
 13843 | D:12     | Reached skill level 10 in Fighting
 13843 | D:12     | Reached skill level 10 in Armour
 13843 | D:12     | Reached skill level 10 in Shields
 13929 | D:12     | Noticed a two-headed ogre
 14245 | D:12     | Found a roughly hewn altar of Beogh.
 14284 | D:12     | Killed a two-headed ogre
 14284 | D:12     | Reached XP level 13. HP: 54/103 MP: 24/24
 15090 | D:13     | Reached ***** piety under the Shining One
 15296 | D:13     | Reached skill level 8 in Bows
 15657 | D:14     | Noticed a vault guard
 16074 | D:14     | Noticed a vault guard
 16163 | D:14     | Killed a vault guard
 16189 | D:14     | Noticed a vault guard
 16202 | D:14     | Killed a vault guard
 16314 | D:14     | Killed a vault guard
 16520 | D:14     | Reached XP level 14. HP: 103/111 MP: 26/26
 17026 | D:14     | Found a gate to the Vaults.
 17157 | D:15     | Entered Level 15 of the Dungeon
 17294 | D:15     | Reached skill level 10 in Long Blades
 17370 | D:15     | Reached ****** piety under the Shining One
 17639 | D:15     | Reached skill level 9 in Bows
 17665 | D:15     | Got a jewelled scythe
 17666 | D:15     | Identified the +3 scythe "Hydraslayer" {antimagic, Fragile
                  | Dex+2 Stlth+} (You found it on level 15 of the Dungeon)
 17783 | D:15     | Noticed a frost giant
 18084 | Orc:1    | Entered Level 1 of the Orcish Mines
 18087 | Orc:1    | Noticed Maurice
 18094 | Orc:1    | Killed Maurice
 18115 | Orc:1    | Found Leepyiwn's Antique Armour Shop.
 18123 | Orc:1    | Found Luireraa's Jewellery Shop.
 18183 | Orc:1    | You fall into a shaft and drop 1 floor!
 18183 | Orc:2    | Entered Level 2 of the Orcish Mines
 18286 | Orc:1    | Found Yskec's Food Shoppe.
 18425 | Orc:1    | Found a roughly hewn altar of Beogh.
 18462 | Orc:1    | Found Wuosu's Weapon Shoppe.
 18573 | Orc:1    | Found a roughly hewn altar of Beogh.
 18599 | Orc:1    | Noticed an orc warlord
 18643 | Orc:1    | Killed an orc warlord
 18643 | Orc:1    | Reached skill level 10 in Invocations
 18961 | Orc:2    | Found Iloen's Antique Weapon Shop.
 19037 | Orc:2    | Found a staircase to the Elven Halls.
 19907 | Orc:2    | Paralysed by an orc sorcerer for 5 turns
 20051 | Orc:2    | Found Qugou's General Store.
 20065 | Orc:2    | Found Tal Ass's Magic Scroll Emporium.
 20086 | Orc:2    | Found Jiytt's Food Emporium.
 20089 | Orc:2    | Found Wuysim's Book Boutique.
 20106 | Orc:2    | Bought a scroll of teleportation for 45 gold pieces
 20106 | Orc:2    | Bought a scroll of blinking for 112 gold pieces
 20306 | D:9      | Bought a manual of Bows for 1656 gold pieces
 20339 | Lair:1   | Entered Level 1 of the Lair of Beasts
 21153 | Lair:2   | Noticed Esoasiq's ghost (journeyman DsGl)
 21158 | Lair:2   | Found a transporter.
 21167 | Lair:2   | Found a transporter.
 21700 | Lair:2   | Reached XP level 15. HP: 119/119 MP: 28/28
 22520 | Lair:3   | Reached skill level 10 in Bows
 22965 | Lair:4   | Noticed Nergalle
 22986 | Lair:4   | Killed Nergalle
 23159 | Lair:4   | Found a staircase to the Snake Pit.
 23579 | Lair:4   | Found a staircase to the Swamp.
 23854 | Lair:5   | You fall into a shaft and drop 1 floor!
 23854 | Lair:6   | Entered Level 6 of the Lair of Beasts
 24057 | Lair:6   | Reached skill level 10 in Short Blades
 24057 | Lair:6   | Reached skill level 10 in Axes
 24057 | Lair:6   | Reached skill level 10 in Maces & Flails
 24057 | Lair:6   | Reached skill level 10 in Polearms
 24057 | Lair:6   | Reached skill level 10 in Staves
 24057 | Lair:6   | Reached skill level 10 in Slings
 24057 | Lair:6   | Reached skill level 10 in Crossbows
 24057 | Lair:6   | Reached skill level 10 in Throwing
 24057 | Lair:6   | Reached skill level 10 in Dodging
 24057 | Lair:6   | Reached skill level 10 in Stealth
 24057 | Lair:6   | Reached skill level 10 in Unarmed Combat
 24057 | Lair:6   | Reached skill level 10 in Spellcasting
 24057 | Lair:6   | Reached skill level 10 in Evocations
 25654 | Lair:5   | Reached skill level 11 in Bows
 26079 | Lair:5   | Found a staircase to the Slime Pits.
 26089 | Lair:5   | Reached XP level 16. HP: 112/127 MP: 30/30
 26977 | Swamp:1  | Entered Level 1 of the Swamp
 27944 | Swamp:2  | Identified the +2 large shield "Ikhlewou" {rElec rPois}
 27944 | Swamp:2  | Noticed Louise
 27958 | Swamp:2  | Killed Louise
 28027 | Swamp:2  | Noticed a thorn hunter
 28036 | Swamp:2  | Killed a thorn hunter
 28625 | Swamp:3  | Noticed Nikola
 28656 | Swamp:3  | Noticed a thorn hunter
 28668 | Swamp:3  | Killed a thorn hunter
 28839 | Snake:1  | Entered Level 1 of the Snake Pit
 29206 | Snake:1  | Reached skill level 12 in Bows
 29223 | Snake:1  | Found a frozen archway.
 29238 | IceCv    | Entered an ice cave
 29307 | IceCv    | HP: 4/129 [troll simulacrum (20)]
 29438 | IceCv    | Identified the amulet of Jelell {Harm *Corrode *Drain rPois
                  | Int+10 Dex-3} (You found it in an ice cave)
 30362 | IceCv    | Noticed an Ice Fiend
 30429 | IceCv    | Killed an Ice Fiend
 30464 | IceCv    | Identified the -3 hat "Dacziryo" {rElec MP-9 Int+4} (You
                  | found it in an ice cave)
 30679 | Snake:1  | Reached XP level 17. HP: 125/135 MP: 32/32
 32290 | Snake:2  | Identified the +3 leather armour of Goggoczil {rPois} (You
                  | found it on level 2 of the Snake Pit)
 32370 | Snake:2  | Learned a level 4 spell: Summon Lightning Spire
 32466 | Snake:2  | Learned a level 3 spell: Portal Projectile
 33082 | Snake:2  | Found Bistrieno's Distillery.
 33098 | Snake:2  | Bought 2 potions of haste for 320 gold pieces
 33098 | Snake:2  | Bought a potion of haste for 160 gold pieces
 33511 | Snake:3  | Noticed Donald
 33523 | Snake:3  | Killed Donald
 33996 | Snake:3  | Identified a scroll of acquirement
 34020 | Snake:3  | Reached skill level 13 in Bows
 34438 | Snake:3  | Noticed Aizul
 34461 | Snake:3  | Killed Aizul
 34927 | Snake:3  | Noticed Mara
 34942 | Snake:3  | Noticed Lanoc's illusion
 34943 | Snake:3  | Killed Mara
 35212 | Snake:3  | Reached skill level 10 in Conjurations
 35212 | Snake:3  | Reached skill level 10 in Hexes
 35212 | Snake:3  | Reached skill level 10 in Charms
 35212 | Snake:3  | Reached skill level 10 in Summonings
 35212 | Snake:3  | Reached skill level 10 in Necromancy
 35212 | Snake:3  | Reached skill level 10 in Translocations
 35212 | Snake:3  | Reached skill level 10 in Transmutations
 35212 | Snake:3  | Reached skill level 10 in Fire Magic
 35212 | Snake:3  | Reached skill level 10 in Ice Magic
 35212 | Snake:3  | Reached skill level 10 in Air Magic
 35212 | Snake:3  | Reached skill level 10 in Earth Magic
 35212 | Snake:3  | Reached skill level 10 in Poison Magic
 35501 | Snake:3  | Reached XP level 18. HP: 82/143 MP: 33/33
 35648 | Snake:4  | Entered Level 4 of the Snake Pit
 37409 | Snake:4  | Noticed Vashnia
 37440 | Snake:4  | Killed Vashnia
 37440 | Snake:4  | Reached skill level 14 in Bows
 37542 | Snake:4  | Learned a level 1 spell: Apportation
 38195 | Snake:4  | Got a serpentine rune of Zot
 38533 | Vaults:1 | Entered Level 1 of the Vaults
 39645 | Vaults:1 | You fall into a shaft and drop 1 floor!
 39897 | Vaults:2 | Noticed Mennas
 40147 | Vaults:1 | Reached XP level 19. HP: 114/151 MP: 35/35
 40975 | Swamp:3  | Killed Nikola
 41722 | Swamp:3  | Found the +15 Maxwell's patent armour {-Cast -Tele rElec
                  | MR+ rCorr}
 42352 | Swamp:4  | Entered Level 4 of the Swamp
 43429 | Swamp:4  | Reached skill level 15 in Bows
 43433 | Swamp:4  | Noticed the 27-headed Lernaean hydra
 43442 | Swamp:4  | Killed the 27-headed Lernaean hydra
 43983 | Swamp:4  | Got a decaying rune of Zot
 43985 | Swamp:4  | Identified the +10 quarterstaff "Hihumeux" {venom, rF+}
                  | (You found it on level 4 of the Swamp)
 44371 | Vaults:1 | Killed Mennas
 44505 | Vaults:2 | Noticed a tentacled monstrosity
 44518 | Vaults:2 | Killed a tentacled monstrosity
 44733 | Vaults:2 | Reached XP level 20. HP: 103/159 MP: 36/36
 45305 | Vaults:2 | Found Ycoer's Gadget Boutique.
 45712 | Vaults:2 | You fall into a shaft and drop 2 floors!
 46505 | Vaults:3 | Reached skill level 16 in Bows
 46521 | Vaults:3 | Identified the +2 plate armour of the Vestibule of Hell
                  | {Str+4} (You acquired it on level 3 of the Vaults)
 48510 | Vaults:3 | You fall into a shaft and drop 1 floor!
 48668 | Vaults:3 | Reached XP level 21. HP: 93/166 MP: 38/38
 49376 | Vaults:3 | Found a staircase to the Crypt.
 49780 | Slime:1  | Entered Level 1 of the Pits of Slime
 51271 | Slime:4  | Reached skill level 15 in Fighting
 51271 | Slime:4  | Reached skill level 15 in Armour
 51271 | Slime:4  | Reached skill level 15 in Shields
 51374 | Slime:5  | Entered Level 5 of the Pits of Slime
 51682 | Slime:5  | Reached skill level 15 in Invocations
 51952 | Slime:4  | Reached skill level 17 in Bows
 52075 | Slime:5  | Gained mutation: You are surrounded by a mild repulsion
                  | field. (EV +2) [a shining eye]
 52077 | Slime:5  | Gained mutation: You are frail. (-10% HP) [a shining eye]
 52086 | Slime:5  | Noticed the Royal Jelly
 53375 | Slime:5  | Found a viscous altar of Jiyva.
 53435 | Slime:5  | Was placed under penance by the Shining One
 54183 | Crypt:1  | Entered Level 1 of the Crypt
 54323 | Crypt:1  | Noticed a greater mummy
 54328 | Crypt:1  | Noticed Khufu
 54329 | Crypt:1  | Noticed a greater mummy
 54338 | Crypt:1  | Killed a greater mummy
 54338 | Crypt:1  | Reached XP level 22. HP: 89/157 MP: 40/40
 54354 | Crypt:1  | Killed a greater mummy
 54361 | Crypt:1  | HP: 1/157 [Khufu/divine providence (14)]
 54362 | Crypt:1  | Slain by an emperor scorpion

Levels and vault maps discovered:
D:1:      tarquinn_simple_flora_water_e, layout_basic, minmay_crystal_room,
          minivault_14, dk_noncrumbling_3
D:2:      layout_basic, uniq_jessica, uniq_terence
D:3:      layout_loops_ring, nicolae_dithmenos_shadow_blocks, uniq_robin,
          uniq_grinder, uniq_ijyb
D:4:      layout_cave_pods, elyvilon_altar_3, minmay_temple_entry_glassed_door,
          uniq_menkaure, uniq_pikel
D:5:      layout_cave_pools, lemuel_crystal_altar, led_sif_pool, first_ration,
          gammafunk_ghost_hive, serial_gnoll_camp, gnoll_camp_medium_02,
          gnoll_camp_mini_house, gnoll_camp_mini_hut, kennysheep_generic_room_16
D:6:      layout_rooms, serial_shops, nicolae_shop_trees, kennysheep_donut
D:7:      minmay_the_grid_triangle_9x9_recursive_2
          [minmay_the_grid_triangle_9x9_prize_insulated,
          minmay_the_grid_triangle_9x9_swiss_cheese,
          minmay_the_grid_triangle_9x9_steps,
          minmay_the_grid_triangle_9x9_corrupted_corridor], layout_rooms,
          nicolae_gozag_seed_capital
D:8:      layout_layer_cave, grunt_livestock, minivault_22
D:9:      layout_cave_pools, bloody_trog, kennysheep_mini, dpeg_oklobed_lair,
          serial_shops, shop, shop, amethyst_killhole, patterned_corridor
D:10:     layout_layer_cave
D:11:     lemuel_slime, layout_stronghold, serial_shops,
          nicolae_shop_competitors_out_of_business, gammafunk_ghost_arena,
          uniq_snorg
D:12:     cheibrodos_ideogram_h, layout_irregular_city,
          minmay_orc_entry_temple_large, serial_shops, nicolae_shop_stone,
          uniq_nessos
D:13:     layout_cave_pods
D:14:     kennysheep_blocky_hall, layout_rooms, grunt_vaults_entry_fortified,
          wad_floor_pattern_untrapped, disabler_island
D:15:     grunt_enter_depths_snipers, layout_basic, minmay_misc_feat_encased
Temple:   regret_index_temple_sphere_string
Lair:1:   layout_regular_city, infiniplex_staircase_pool_2
Lair:2:   layout_layer_cave, gammafunk_ghost_hive, minmay_stone_trees_medium
Lair:3:   layout_gridlike, special_room [special_room_bee],
          chequers_serial_rivers_small_b, chequers_serial_rivers_marsh
Lair:4:   layout_regular_city, palyth_hydra_swamp_entry,
          minmay_snake_entry_guardpost_small, chequers_serial_rivers_micro_d,
          uniq_nergalle
Lair:5:   layout_layer_cave, minmay_slime_entry_pillars,
          gammafunk_lair_bear_cave
Lair:6:   hangedman_lair_tendril_chambers, layout_cave_pods,
          guppyfry_lair_end_dragon
Swamp:1:  layout_falls_marsh, evilmike_swamp_ruin_wall
Swamp:2:  layout_falls_marsh, evilmike_swamp_ruin_house_4, uniq_louise
Swamp:3:  layout_falls_marsh, evilmike_swamp_ruin_house_3,
          infiniplex_staircase_pool, uniq_nikola
Swamp:4:  swamp_basic_johnstein, layout_basic_swamp, swamp_pool5
Snake:1:  cheibrodos_snake_ritualist_ritual, layout_gridlike,
          portal_ice_cave_entry_ugly_swarm
Snake:2:  layout_onion_interference, serial_shops, shop, serial_bayou_shore_b,
          serial_bayou_shore_b, lemuel_fruit_tree
Snake:3:  layout_rooms, uniq_donald, uniq_mara, uniq_aizul
Snake:4:  minmay_snake_end_coiled, layout_cave_town, uniq_vashnia
Slime:1:  layout_caves
Slime:2:  layout_caves, basic_altar
Slime:3:  layout_caves, cheibrodos_slime_lost_civilization_7
Slime:4:  layout_caves
Slime:5
Orc:1:    nicolae_orc_accident_2, layout_diamond_mine, serial_shops, shop, shop,
          shop, nicolae_shop_waterfront, basic_altar, uniq_maurice
Orc:2:    st_orc_elflike, layout_caves, serial_shops,
          nicolae_shop_overgrown_old_shop, mines5_lemuel
Vaults:1: ontoclasm_vaults_claustrophobia, vaults_room_grid, vaults_room_pool,
          nicolae_vaults_rhombus_7, nicolae_vaults_specimen_jars,
          vaults_room_ringed_pool, st_check, ontoclasm_vaults_gateway,
          vaults_dpeg_ring, dpeg_vaults_monster_box,
          ontoclasm_vaults_loading_screen, layout_vaults_big_room
Vaults:2: v_misc_11, ontoclasm_vaults_eye, v_misc_27, grunt_vaults_focal,
          nicolae_vaults_puzzle_piece, hangedman_vaults_river_flow,
          dpeg_vaults_monster_row, nicolae_vaults_little_squares_2, st_cells,
          layout_vaults_omnigrid, serial_shops, shop, uniq_mennas
Vaults:3: hangedman_vaults_unwind, minmay_crypt_entry_simple_walls,
          nicolae_vaults_three_branches, v_misc_11,
          nicolae_vaults_little_squares_4, hangedman_vaults_pinch,
          vaults_standard_mumra_enter_the_diamond, ontoclasm_vaults_pinch,
          v_misc_33, vaults_mumra_lcd, vaults_dpeg_hooks, layout_vaults_omnibox
Vaults:4: nicolae_vaults_arrows, ontoclasm_vaults_hangar, v_misc_10,
          hangedman_vaults_corner_blocks, v_misc_25, ontoclasm_vaults_shuriken,
          nicolae_vaults_puzzle_piece, nicolae_vaults_network_periphery,
          vaults_standard_mumra_enter_the_diamond, vaults_dpeg_diagonal,
          ontoclasm_vaults_twist, layout_vaults_maze
Crypt:1:  grunt_deathspiral_small, layout_regular_city, uniq_khufu

Skill      XL: |  1  2  3  4  5  6  7  8  9 10 11 12 13 14 15 16 17 18 19 20 21 |
---------------+----------------------------------------------------------------+-----
Invocations    | 1 2 3 4 5 6 7 8 9 10 11 12 13 14 15 | 15.2
Short Blades   | 1 2 3 4 5 6 7 8 9 10 11 12 13 14 | 14.1
Axes           | 1 2 3 4 5 6 7 8 9 10 11 12 13 14 | 14.1
Maces & Flails | 1 2 3 4 5 6 7 8 9 10 11 12 13 14 | 14.1
Polearms       | 1 2 3 4 5 6 7 8 9 10 11 12 13 14 | 14.1
Staves         | 1 2 3 4 5 6 7 8 9 10 11 12 13 14 | 14.1
Slings         | 1 2 3 4 5 6 7 8 9 10 11 12 13 14 | 14.1
Bows           | 1 2 3 4 5 6 7 8 9 11 12 13 14 15 16 17 | 17.3
Crossbows      | 1 2 3 4 5 6 7 8 9 10 11 12 13 14 | 14.1
Throwing       | 1 2 3 4 5 6 7 8 9 10 11 12 13 14 | 14.1
Dodging        | 1 2 3 4 5 6 7 8 9 10 11 12 13 14 | 14.1
Stealth        | 1 2 3 4 5 6 7 8 9 10 11 12 13 14 | 14.1
Unarmed Combat | 1 2 3 4 5 6 7 8 9 10 11 12 13 14 | 14.1
Spellcasting   | 1 2 3 4 5 6 7 8 9 10 11 12 13 14 | 14.1
Evocations     | 1 2 3 4 5 6 7 8 9 10 11 12 13 14 | 14.1
Conjurations   | 1 2 3 4 5 6 7 8 9 10 11 12 | 12.2
Hexes          | 1 2 3 4 5 6 7 8 9 10 11 12 | 12.2
Charms         | 1 2 3 4 5 6 7 8 9 10 11 12 | 12.2
Summonings     | 1 2 3 4 5 6 7 8 9 10 11 12 | 12.2
Necromancy     | 1 2 3 4 5 6 7 8 9 10 11 12 | 12.2
Translocations | 1 2 3 4 5 6 7 8 9 10 11 12 | 12.2
Transmutations | 1 2 3 4 5 6 7 8 9 10 11 12 | 12.2
Fire Magic     | 1 2 3 4 5 6 7 8 9 10 11 12 | 12.2
Ice Magic      | 1 2 3 4 5 6 7 8 9 10 11 12 | 12.2
Air Magic      | 1 2 3 4 5 6 7 8 9 10 11 12 | 12.2
Earth Magic    | 1 2 3 4 5 6 7 8 9 10 11 12 | 12.2
Poison Magic   | 1 2 3 4 5 6 7 8 9 10 11 12 | 12.2
Long Blades    | 5 6 7 8 9 10 11 12 13 14 | 14.7
Fighting       | 7 8 9 10 11 12 13 14 15 | 15.2
Armour         | 7 8 9 10 11 12 13 14 15 | 15.2
Shields        | 7 8 9 10 11 12 13 14 15 | 15.2

Action                   |  1- 3 |  4- 6 |  7- 9 | 10-12 | 13-15 | 16-18 | 19-21 | 22-24 || total
-------------------------+-------+-------+-------+-------+-------+-------+-------+-------++-------
Melee: Long sword        |    64 |   165 |   363 |       |       |       |       |       ||   592
       Bite              |     6 |    18 |    92 |    65 |    60 |    56 |   233 |     4 ||   534
       Dagger            |       |       |    95 |    27 |       |       |       |       ||   122
       Quarterstaff      |       |       |       |    92 |       |       |    61 |    11 ||   164
       Lajatang          |       |       |       |   331 |   463 |   366 |  1090 |       ||  2250
 Fire: Hunting sling     |       |    21 |   132 |     6 |       |       |       |       ||   159
       Longbow           |       |       |       |       |   889 |  1194 |   707 |       ||  2790
Throw: Stone             |     2 |     6 |       |       |       |       |       |       ||     8
 Cast: Sandblast         |       |       |       |    14 |     3 |       |       |       ||    17
Invok: Divine Shield     |       |       |       |       |       |     2 |     5 |       ||     7
       Summon Divine War |       |       |       |       |       |     1 |     6 |       ||     7
 Abil: Evoke Berserk Rag |       |       |       |     9 |     8 |     9 |     1 |       ||    27
Evoke: Wand              |       |       |       |     2 |       |     6 |    12 |       ||    20
       Phial of floods   |       |       |       |     1 |     1 |       |     1 |     1 ||     4
       Box of beasts     |       |       |       |       |       |       |     1 |       ||     1
  Use: Scroll            |       |       |     8 |    10 |     6 |    20 |    11 |       ||    55
       Potion            |       |       |     1 |     1 |     1 |     7 |    10 |     5 ||    25
  Eat: Chunk             |       |     5 |    16 |    20 |    42 |    14 |    19 |       ||   116
       Ration            |       |       |       |     3 |     2 |    11 |     9 |       ||    25
Armor: Scale mail        |    17 |    13 |       |       |       |       |       |       ||    30
       Plate armour      |       |    62 |   131 |   229 |   549 |   462 |   866 |    60 ||  2359
       Skin              |       |    11 |       |       |       |       |       |       ||    11
       Ring mail         |       |       |    73 |    69 |       |       |       |       ||   142
       Crystal plate arm |       |       |       |       |       |    25 |       |       ||    25
Dodge: Dodged            |    13 |    43 |   222 |   332 |   561 |   452 |   913 |    76 ||  2612
Block: Shield            |    31 |   108 |   364 |    12 |       |       |       |       ||   515
       Other             |       |       |       |    13 |   125 |   105 |   201 |    11 ||   455
       Reflection        |       |       |       |     3 |     9 |    22 |     7 |       ||    41
       Rpst.: Long sword |     1 |     9 |    47 |       |       |       |       |       ||    57

Table legend:
 A = Non-vault XP
 B = Vault XP
 C = Vault XP percentage of total XP
 D = Non-vault monster count
 E = Vault monster count
 F = Vault count percentage of total count
                 A         B        C        D         E       F
            +---------+---------+-------+---------+---------+-------
      Total |  373378 |  229074 |  38.0 |    1168 |     480 |  29.1
            +---------+---------+-------+---------+---------+-------
        D:1 |      49 |       0 |   0.0 |      22 |       0 |   0.0
        D:2 |     155 |      87 |  36.0 |      33 |      10 |  23.3
        D:3 |      90 |     345 |  79.3 |      19 |       5 |  20.8
        D:4 |     435 |     888 |  67.1 |      24 |       3 |  11.1
        D:5 |     411 |     448 |  52.2 |      14 |      19 |  57.6
        D:6 |     784 |       0 |   0.0 |      24 |       0 |   0.0
        D:7 |     898 |     489 |  35.3 |      25 |       8 |  24.2
        D:8 |    2804 |    1023 |  26.7 |      28 |       5 |  15.2
        D:9 |    2023 |       0 |   0.0 |      26 |       0 |   0.0
       D:10 |    2923 |       0 |   0.0 |      14 |       0 |   0.0
       D:11 |    2176 |    1884 |  46.4 |      22 |      22 |  50.0
       D:12 |    7791 |    6951 |  47.2 |      33 |      41 |  55.4
       D:13 |    8340 |       0 |   0.0 |      36 |       0 |   0.0
       D:14 |    8629 |    8634 |  50.0 |      34 |      17 |  33.3
       D:15 |    7783 |       0 |   0.0 |      18 |       0 |   0.0
     Lair:1 |    2969 |       0 |   0.0 |      13 |       0 |   0.0
     Lair:2 |     623 |       0 |   0.0 |       4 |       0 |   0.0
     Lair:3 |    7674 |    1191 |  13.4 |      26 |      15 |  36.6
     Lair:4 |    4019 |    4084 |  50.4 |      20 |      10 |  33.3
     Lair:5 |    9827 |    1793 |  15.4 |      27 |       8 |  22.9
     Lair:6 |    8974 |   12726 |  58.6 |      38 |      44 |  53.7
    Swamp:1 |   10519 |       0 |   0.0 |      31 |       0 |   0.0
    Swamp:2 |   11460 |    1601 |  12.3 |      25 |       1 |   3.8
    Swamp:3 |   20860 |    3606 |  14.7 |      56 |       2 |   3.4
    Swamp:4 |   15326 |   16707 |  52.2 |      46 |      27 |  37.0
    Snake:1 |   11878 |    6565 |  35.6 |      22 |      12 |  35.3
    Snake:2 |   15527 |       0 |   0.0 |      28 |       0 |   0.0
    Snake:3 |   31558 |   11727 |  27.1 |      59 |       3 |   4.8
    Snake:4 |   10599 |   32166 |  75.2 |      18 |      49 |  73.1
    Slime:1 |   10974 |    1864 |  14.5 |      17 |       1 |   5.6
    Slime:2 |    4129 |       0 |   0.0 |       8 |       0 |   0.0
    Slime:3 |    3968 |       0 |   0.0 |       8 |       0 |   0.0
    Slime:4 |   14963 |     129 |   0.9 |      31 |       1 |   3.1
    Slime:5 |   21079 |   15152 |  41.8 |      37 |       9 |  19.6
      Orc:1 |    4937 |    1480 |  23.1 |      48 |       8 |  14.3
      Orc:2 |    1651 |    8912 |  84.4 |      27 |      33 |  55.0
   Vaults:1 |   15021 |   20650 |  57.9 |      47 |      13 |  21.7
   Vaults:2 |   23823 |   37063 |  60.9 |      52 |      45 |  46.4
   Vaults:3 |   58328 |    8734 |  13.0 |      96 |      12 |  11.1
   Vaults:4 |    4087 |       0 |   0.0 |       4 |       0 |   0.0
    Crypt:1 |    3314 |   12187 |  78.6 |       8 |       2 |  20.0
      IceCv |       0 |    9988 | 100.0 |       0 |      55 | 100.0
            +---------+---------+-------+---------+---------+-------
